 Dungeon Crawl Stone Soup version 0.29.1-14-g9c671dbff4 (webtiles) character file.

Game seed: 1792976041370215859

3201 leafyfresh the Covert (level 9, -3/74 HPs)
             Began as a Gnoll Delver on Feb 13, 2023.
             Was an Initiate of Cheibriados.
             Slain by Maggie
             ... wielding a +0 morningstar of flaming
              (6 damage)
             ... on level 7 of the Dungeon.
             The game lasted 00:18:38 (9536 turns).

leafyfresh the Covert (Gnoll Delver)                Turns: 9536, Time: 00:18:38

Health: -3/74      AC:  6    Str: 12      XL:     9   Next: 96%
Magic:  4/16       EV: 16    Int: 17 (18) God:    Cheibriados [......]
Gold:   308        SH:  6    Dex: 22      Spells: 8/17 levels left

rFire   . . .      SeeInvis .   s - +2 trident of Wondrous Power {flame, rElec Will+ Dex+4}
rCold   . . .      Faith    .   k - +0 buckler
rNeg    . . .      Spirit   .   H - +0 robe
rPois   .          Reflect  .   (no helmet)
rElec   +          Harm     .   l - +1 cloak
rCorr   .          Rampage  .   (no gloves)
Will    +....                   y - +1 pair of boots
Stlth   +++++.....              (no amulet)
HPRegen 0.22/turn               w - +6 ring of intelligence
MPRegen 0.15/turn               N - ring of wizardry

@: very slightly contaminated, studying Fire Magic, very slow
A: fangs 1, strong nose, distributed training
a: Renounce Religion


You were on level 7 of the Dungeon.
You worshipped Cheibriados.
Cheibriados was noncommittal.
You visited 2 branches of the dungeon, and saw 9 of its levels.

You collected 308 gold pieces.

Inventory:

Hand Weapons
 i - a +0 shortbow
 s - the +2 trident of Wondrous Power (weapon) {flame, rElec Will+ Dex+4}
   (You found it on level 5 of the Dungeon)

   It burns those it strikes, dealing additional fire damage.
   Dex:       It affects your dexterity (+4).
   rElec:     It insulates you from electricity.
   Will:      It increases your willpower.
 G - a +4 quarterstaff of chaos
Missiles
 O - 8 poisoned darts (quivered)
Armour
 h - a +1 ring mail of positive energy
 k - a +0 buckler (worn)
 l - a +1 cloak (worn)
 t - a +3 scale mail
 y - a +1 pair of boots (worn)
 H - a +0 robe (worn)
 J - a +0 crystal plate armour
Jewellery
 b - a +4 ring of evasion
 e - a ring of poison resistance
 o - a +6 ring of strength
 u - a ring of poison resistance
 w - a +6 ring of intelligence (left hand)
 N - a ring of wizardry (right hand)
Wands
 g - a wand of digging (3)
 B - a wand of iceblast (8)
 I - a wand of flame (16)
 K - a wand of paralysis (8)
Scrolls
 a - 2 scrolls of enchant armour {unknown}
 c - a scroll of fog
 d - 3 scrolls of magic mapping
 m - a scroll of amnesia {unknown}
 n - 3 scrolls of vulnerability
 p - 2 scrolls of noise
 q - a scroll of butterflies {unknown}
 r - 3 scrolls of torment {unknown}
 v - 2 scrolls of poison {unknown}
 A - 3 scrolls of enchant weapon {unknown}
 C - a scroll of acquirement {unknown}
 M - a scroll of identify
Potions
 f - a potion of haste
 j - a potion of attraction {unknown}
 x - 2 potions of heal wounds {unknown}
 z - a potion of flight {unknown}
 D - 2 potions of lignification {unknown}
 E - 2 potions of curing
 F - a potion of might {unknown}
 L - a potion of brilliance {unknown}


   Skills:
 + Level 8.3 Fighting
 + Level 6.8 Short Blades
 + Level 4.9 Long Blades
 + Level 4.9 Axes
 + Level 4.9 Maces & Flails
 + Level 4.9 Polearms
 + Level 4.9 Staves
 + Level 4.9 Ranged Weapons
 + Level 4.9 Throwing
 + Level 4.9 Armour
 + Level 6.8 Dodging
 + Level 10.8 Stealth
 + Level 4.9 Shields
 + Level 4.9 Unarmed Combat
 + Level 4.9 Spellcasting
 + Level 4.1 Conjurations
 + Level 4.1 Hexes
 + Level 4.1 Summonings
 + Level 4.1 Necromancy
 + Level 4.1 Translocations
 + Level 4.1 Transmutations
 + Level 5.8 Fire Magic
 + Level 4.1 Ice Magic
 + Level 4.1 Air Magic
 + Level 4.1 Earth Magic
 + Level 4.1 Poison Magic
 + Level 5.4 Invocations
 + Level 4.9 Evocations


You had 8 spell levels left.
You knew the following spells:

 Your Spells              Type           Power      Damage    Failure   Level
a - Summon Small Mammal   Summ           72%        N/A       1%          1
b - Olgreb's Toxic Radia  Pois           18%        N/A       13%         4
c - Vampiric Draining     Necr           18%        2d7       4%          3
d - Sting                 Tmut/Pois      72%        1d6       1%          1

Your spell library contained the following spells:

 Spells                   Type           Power      Damage    Failure   Level
 Apportation              Tloc           36%        N/A       1%          1
 Necrotise                Necr           72%        1d7       1%          1
 Slow                     Hex            72%        N/A       1%          1
 Poisonous Vapours        Pois/Air       36%        N/A       1%          2
 Confusing Touch          Hex            18%        N/A       4%          3


Dungeon Overview and Level Annotations

Branches:
Dungeon (8/15)             Temple (1/1) D:7
   Lair: D:8-11

Altars:
Cheibriados
Dithmenos
Elyvilon
Fedhas
Gozag
Hepliaklqana
Kikubaaqudgha
Makhleb
Nemelex Xobeh
Okawaru
Qazlal
Sif Muna
Trog
Uskayaw
Vehumet
Wu Jian
Xom
Yredelemnul
Zin
The Shining One

Annotations:
D:6 exclusion: oklob plant
D:7 Maggie


Innate Abilities, Weirdness & Mutations

You have very sharp teeth.
Your uncanny sense of smell can sniff out nearby items.
Your experience applies equally to all skills.


Message History

Maggie is nearby!
Cast which spell? (? or * to list)
Okay, then.
Cast which spell? (? or * to list)
You begin to radiate toxic energy.
Maggie shouts!
Maggie is poisoned.
Casting: Olgreb's Toxic Radiance (dangerous; 13% risk of failure)
Confirm with . or Enter, or press ? or * to list all spells.
Your toxic radiance grows in intensity.
Maggie gestures at you while chanting. The bolt of fire hits you!
Unknown command.
Casting: Olgreb's Toxic Radiance (dangerous; 13% risk of failure)
Confirm with . or Enter, or press ? or * to list all spells.
You miscast Olgreb's Toxic Radiance.
You are very lightly contaminated with residual magic.
Nothing appears to happen.
Maggie mumbles the words to a spell, but in the wrong order.
You block Maggie's attack.
You barely miss Maggie.
Maggie is lightly wounded.
Maggie looks even sicker.
Your toxic aura wanes.
Maggie hits you with a +0 morningstar of flaming!
Maggie burns you.
Unknown command.
You hit Maggie. You burn Maggie. You bite Maggie, but do no damage.
Maggie is moderately wounded.
Maggie points at you and mumbles some strange words.
The bolt of fire hits you!!
* * * LOW HITPOINT WARNING * * *
Unknown command.
Okay, then.
You barely miss Maggie.
Maggie is moderately wounded.
Maggie hits you with a +0 morningstar of flaming!
* * * LOW HITPOINT WARNING * * *
Maggie burns you.
You die...

# #z# #.. ..#
#.# # #.# #.#
#.# #.#
####.#
#.######.#
#z# z....#
#........#
#$# ######
#.#####..#
##@## #.#
#..####...##
#.#
#.......#..#
#.#
##.####....##
#.#
#..@...###..#
####.#
#.@####.#...#
#....# #..#
#.#..# #.##.#
#..# #.#@.#
#####.##.#
#..# # #..##
.........#
#... #.z.#
#####.#####
#..# ##..#
..........#
#..# #..#
#####.###.##
#..#


You could see Maggie (very poisoned).

Vanquished Creatures
  Joseph (D:7)
  Sigmund (D:6)
  Menkaure (D:7)
  2 water moccasins
  2 ice beasts (D:6)
  2 black bears (D:7)
  An ogre (D:6)
  3 phantoms (D:5)
  2 centaurs
  Blork the orc (D:5)
  A kobold brigand (D:7)
  A bullfrog (D:5)
  A scorpion (D:6)
  A necrophage (D:4)
  5 wights (D:7)
  5 hounds
  3 orc priests
  Crazy Yiuf (D:4)
  Natasha (thrice) (D:4)
  2 iguanas
  Ijyb (D:5)
  5 orc wizards
  A gnoll (D:1)
  5 adders
  2 shadow imps (D:6)
  2 white imps (D:5)
  An ufetubus (D:5)
  2 worms
  2 dart slugs
  15 orcs
  9 ball pythons
  4 endoplasms
  6 giant cockroaches
  4 goblins
  6 hobgoblins
  6 quokkas
  8 bats
  2 frilled lizards
  9 kobolds
  7 rats
136 creatures vanquished.

Vanquished Creatures (collateral kills)
  Eustachio (D:6)
  An orc warrior (D:6)
  An orc priest (D:6)
  An orc (D:6)
4 creatures vanquished.

Vanquished Creatures (others)
  3 plants (D:1)
3 creatures vanquished.

Grand Total: 143 creatures vanquished

Notes
Turn   | Place    | Note
-------+----------+-------------------------------------------
     0 | D:5      | Reached skill level 9 in Stealth
     0 | D:5      | leafyfresh the Gnoll Delver began the quest for the Orb.
     0 | D:5      | Reached XP level 1. HP: 23/23 MP: 1/1
    73 | D:5      | Noticed an iguana
   300 | D:3      | Reached XP level 2. HP: 29/29 MP: 2/2
   460 | D:3      | Reached XP level 3. HP: 25/35 MP: 2/4
   516 | D:3      | Found a sparkling altar of Nemelex Xobeh.
   538 | D:3      | Reached skill level 1 in Invocations
   538 | D:3      | You fall into a shaft and drop 1 floor!
  1235 | D:2      | Reached skill level 1 in Long Blades
  1235 | D:2      | Reached skill level 1 in Axes
  1235 | D:2      | Reached skill level 1 in Maces & Flails
  1235 | D:2      | Reached skill level 1 in Polearms
  1235 | D:2      | Reached skill level 1 in Staves
  1235 | D:2      | Reached skill level 1 in Ranged Weapons
  1235 | D:2      | Reached skill level 1 in Throwing
  1235 | D:2      | Reached skill level 1 in Armour
  1235 | D:2      | Reached skill level 1 in Shields
  1235 | D:2      | Reached skill level 1 in Unarmed Combat
  1235 | D:2      | Reached skill level 1 in Spellcasting
  1235 | D:2      | Reached skill level 1 in Evocations
  1284 | D:2      | Reached XP level 4. HP: 33/41 MP: 5/5
  2161 | D:1      | Reached skill level 1 in Conjurations
  2161 | D:1      | Reached skill level 1 in Hexes
  2161 | D:1      | Reached skill level 1 in Summonings
  2161 | D:1      | Reached skill level 1 in Necromancy
  2161 | D:1      | Reached skill level 1 in Translocations
  2161 | D:1      | Reached skill level 1 in Transmutations
  2161 | D:1      | Reached skill level 1 in Fire Magic
  2161 | D:1      | Reached skill level 1 in Ice Magic
  2161 | D:1      | Reached skill level 1 in Air Magic
  2161 | D:1      | Reached skill level 1 in Earth Magic
  2161 | D:1      | Reached skill level 1 in Poison Magic
  2527 | D:1      | Found a faded altar of an unknown god.
  2704 | D:3      | Learned a level 1 spell: Summon Small Mammal
  3051 | D:4      | Noticed a necrophage
  3217 | D:4      | Reached XP level 5. HP: 47/47 MP: 7/7
  3238 | D:4      | Found a white marble altar of Elyvilon.
  3244 | D:4      | Became a worshipper of Elyvilon the Healer
  3649 | D:4      | Noticed Natasha
  3733 | D:5      | Identified the +2 trident of Wondrous Power {flame, rElec
                  | Will+ Dex+4}
  3820 | D:5      | Noticed a phantom
  3982 | D:4      | Killed Natasha
  3983 | D:4      | Reached XP level 6. HP: 53/53 MP: 8/8
  3986 | D:4      | Noticed Natasha
  3993 | D:4      | Killed Natasha
  4027 | D:4      | Reached skill level 5 in Short Blades
  4027 | D:4      | Reached skill level 5 in Dodging
  4221 | D:4      | Found a runed translucent door.
  4222 | D:4      | Noticed Crazy Yiuf
  4375 | D:4      | Found a bloodstained altar of Trog.
  4375 | D:4      | Found a shadowy altar of Dithmenos.
  4412 | D:4      | Noticed Natasha
  4418 | D:4      | Killed Natasha
  4489 | D:4      | Killed Crazy Yiuf
  4709 | D:5      | Reached XP level 7. HP: 60/60 MP: 10/10
  4720 | D:5      | Noticed Blork the orc
  4724 | D:5      | Killed Blork the orc
  4743 | D:5      | Reached skill level 10 in Stealth
  4753 | D:5      | Noticed Ijyb
  4921 | D:5      | Reached * piety under Elyvilon
  4940 | D:5      | Killed Ijyb
  5435 | D:6      | Reached XP level 8. HP: 67/67 MP: 12/12
  6169 | D:6      | Noticed Eustachio
  6183 | D:6      | Killed Eustachio
  6464 | D:6      | Found a hazy altar of Hepliaklqana.
  6725 | D:6      | Noticed Sigmund
  6733 | D:6      | Killed Sigmund
  6794 | D:6      | Reached XP level 9. HP: 33/73 MP: 14/14
  7627 | D:6      | Found a blossoming altar of Fedhas.
  7651 | D:6      | Noticed an oklob plant
  8128 | D:7      | Found a staircase to the Ecumenical Temple.
  8128 | D:7      | Noticed Menkaure
  8134 | D:7      | Killed Menkaure
  8135 | D:7      | Reached skill level 5 in Fire Magic
  8138 | D:7      | Reached ** piety under Elyvilon
  8153 | Temple   | Entered the Ecumenical Temple
  8170 | Temple   | Fell from the grace of Elyvilon
  8170 | Temple   | Became a worshipper of Cheibriados the Contemplative
  8238 | D:7      | Found a glowing golden altar of the Shining One.
  8330 | D:7      | Found a shimmering blue altar of Sif Muna.
  8345 | D:7      | Reached skill level 5 in Invocations
  8495 | D:7      | Noticed Joseph
  8541 | D:7      | Was placed under penance by Cheibriados
  8561 | D:7      | Noticed Maggie
  8634 | D:6      | Was forgiven by Cheibriados
  9211 | D:7      | Killed Joseph
  9486 | D:7      | Learned a level 4 spell: Olgreb's Toxic Radiance
  9490 | D:7      | Learned a level 3 spell: Vampiric Draining
  9492 | D:7      | Learned a level 1 spell: Sting
  9536 | D:7      | HP: 3/74 [Maggie/+0 morningstar of flaming (17)]
  9536 | D:7      | Slain by Maggie

Illustrated notes

Levels and vault maps discovered:
D:1:      dpeg_arrival_simpleton_c, layout_basic,
          shapermc_ecumenical_altar_mp_urbaneastern
D:2:      layout_loops_ring, grunt_decor_fettered
D:3:      layout_basic, amcnicky_altar_gilded, nicolae_underground_beach
D:4:      layout_basic, mainiacjoe_overflow_alcove_1,
          gammafunk_temple_overflow_statue, minmay_manual_mess,
          uniq_crazy_yiuf_cottage, uniq_natasha
D:5:      layout_loops_ring, uniq_ijyb, uniq_blork_the_orc
D:6:      layout_basic, tgw_fedhas, mainiacjoe_overflow_24_doors,
          hangedman_decor_slide_cut, uniq_eustachio, uniq_sigmund
D:7:      layout_loops_ring, mainiacjoe_overflow_surrounded_room,
          lemuel_round_altar, minmay_temple_entry_mini_moons, kennysheep_donut,
          uniq_menkaure, uniq_pikel, uniq_joseph, uniq_maggie,
          uniq_prince_ribbit1
D:8:      layout_rooms, hangedman_ru_absence, uniq_maurice
Temple:   hellmonk_temple_two_chambers

Skill      XL: |  1  2  3  4  5  6  7  8  9 |
---------------+----------------------------+-----
Stealth        | 10 | 10.8
Invocations    | 1 2 3 4 5 |  5.4
Long Blades    | 1 2 3 4 |  4.9
Axes           | 1 2 3 4 |  4.9
Maces & Flails | 1 2 3 4 |  4.9
Polearms       | 1 2 3 4 |  4.9
Staves         | 1 2 3 4 |  4.9
Ranged Weapons | 1 2 3 4 |  4.9
Throwing       | 1 2 3 4 |  4.9
Armour         | 1 2 3 4 |  4.9
Shields        | 1 2 3 4 |  4.9
Unarmed Combat | 1 2 3 4 |  4.9
Spellcasting   | 1 2 3 4 |  4.9
Evocations     | 1 2 3 4 |  4.9
Conjurations   | 1 2 3 4 |  4.1
Hexes          | 1 2 3 4 |  4.1
Summonings     | 1 2 3 4 |  4.1
Necromancy     | 1 2 3 4 |  4.1
Translocations | 1 2 3 4 |  4.1
Transmutations | 1 2 3 4 |  4.1
Fire Magic     | 1 2 3 4 5 |  5.8
Ice Magic      | 1 2 3 4 |  4.1
Air Magic      | 1 2 3 4 |  4.1
Earth Magic    | 1 2 3 4 |  4.1
Poison Magic   | 1 2 3 4 |  4.1
Short Blades   | 5 6 |  6.8
Dodging        | 5 6 |  6.8
Fighting       | 7 8 |  8.3

Action                   |  1- 3 |  4- 6 |  7- 9 || total
-------------------------+-------+-------+-------++-------
Melee: Short sword       |   103 |   174 |       ||   277
       Bite              |    12 |    26 |    34 ||    72
       Trident           |       |    54 |   260 ||   314
Throw: Dart              |       |       |     3 ||     3
 Cast: Olgreb's Toxic Ra |       |       |     2 ||     2
Evoke: Wand              |       |       |     2 ||     2
  Use: Scroll            |       |     6 |     4 ||    10
       Potion            |       |     2 |     2 ||     4
 Stab: Sleeping          |     7 |    19 |     3 ||    29
Armor: Ring mail         |    30 |    59 |    14 ||   103
       Crystal plate arm |       |       |   140 ||   140
Dodge: Dodged            |    69 |   107 |    48 ||   224
Block: Buckler           |     3 |    32 |    72 ||   107
